NCAA
INDIANA HOOSIERS @ IOWA HAWKEYES
04/24/2026
 
TOP OF THE 1ST
Indiana Hoosiers batting - Pitching for Iowa Hawkeyes : RHP Eduardo Morales
Pitching: RHP Eduardo Morales
Batting: SHB Terry Christian 0-0: Ball
1-0: Ball
2-0: Foul Ball, location: 2F
2-1: Foul Ball, location: 2F
2-2: Ball
3-2: Base on Balls
Batting: RHB Elwood López 0-0: Called Strike
0-1: Fly out, F8 (Flyball, 8LM)
Batting: LHB Michael Hanson 0-0: Called Strike
0-1: Ball
1-1: Swinging Strike
1-2: Strikes out looking
Batting: RHB Troy Johnson 0-0: Called Strike
0-1: Ball
1-1: Ball
2-1: Ball
Pickoff Throw by Catcher to First - Out!
Top of the 1st over - 0 run(s), 0 hit(s), 0 error(s), 0 left on base; Indiana 0 - Iowa 0
BOTTOM OF THE 1ST
Iowa Hawkeyes batting - Pitching for Indiana Hoosiers : RHP Lawrence Wilson
Pitching: RHP Lawrence Wilson
Batting: SHB Travis Martin 0-0: Ball
1-0: Fly out, F7 (Flyball, 78M)
Batting: RHB Daryl Hale 0-0: Ball
1-0: Called Strike
1-1: Foul Ball, location: 2F
1-2: Ball
2-2: Foul Ball, location: 2F
2-2: Foul Ball, location: 2F
2-2: Foul Ball, location: 2F
2-2: Foul Ball, location: 2F
2-2: Ball
3-2: Base on Balls
Batting: RHB Kelsey Scott 0-0: Called Strike
0-1: Ball
1-1: Foul Ball, location: 2F
1-2: Ball
2-2: Strikes out swinging
Batting: RHB Mike Russell 0-0: Called Strike
0-1: Ball
1-1: Ball
2-1: Foul Ball, location: 2F
2-2: Ball
3-2: Fly out, F3 (Popup, 34S)
Bottom of the 1st over - 0 run(s), 0 hit(s), 0 error(s), 1 left on base; Indiana 0 - Iowa 0
TOP OF THE 2ND
Indiana Hoosiers batting - Pitching for Iowa Hawkeyes : RHP Eduardo Morales
Batting: RHB Troy Johnson 0-0: Called Strike
0-1: Ball
1-1: Swinging Strike
1-2: Foul Ball, location: 2F
1-2: Fly out, F9 (Flyball, 89S)
Batting: RHB Jason McNeil 0-0: Ball
1-0: SINGLE (Line Drive, 34D)
Batting: RHB Will White 0-0: Swinging Strike
0-1: Ball
1-1: Ball
2-1: Ball
3-1: TRIPLE (Flyball, 78M)
Jason McNeil scores
Batting: RHB Curtis West 0-0: Ground out 3-1 (Groundball, 3)
Batting: RHB Terry Pittman 0-0: Called Strike
0-1: Hit by Pitch
Batting: RHB Armando Bernard 0-0: Ball
1-0: Ball
2-0: Ball
3-0: Base on Balls
Terry Pittman to second
Batting: SHB Terry Christian 0-0: Ball
1-0: Called Strike
1-1: Foul Ball, location: 2F
1-2: Ball
2-2: Ball
3-2: Strikes out looking
Top of the 2nd over - 1 run(s), 2 hit(s), 0 error(s), 3 left on base; Indiana 1 - Iowa 0
BOTTOM OF THE 2ND
Iowa Hawkeyes batting - Pitching for Indiana Hoosiers : RHP Lawrence Wilson
Batting: RHB Alexander Barr 0-0: DOUBLE (Flyball, 9LS)
Batting: RHB Vaughan Shelton 0-0: Called Strike
0-1: Swinging Strike
0-2: Ball
1-2: Strikes out swinging
Batting: RHB Juan Escalante 0-0: Ground out 5-3 (Groundball, 56)
Batting: RHB John Boyer 0-0: Ball
1-0: Foul Ball, location: 2F
1-1: Swinging Strike
1-2: Ball
2-2: Foul Ball, location: 2F
2-2: Foul Ball, location: 2F
2-2: Foul Ball, location: 2F
2-2: Strikes out swinging
Bottom of the 2nd over - 0 run(s), 1 hit(s), 0 error(s), 1 left on base; Indiana 1 - Iowa 0
TOP OF THE 3RD
Indiana Hoosiers batting - Pitching for Iowa Hawkeyes : RHP Eduardo Morales
Batting: RHB Elwood López 0-0: Ball
1-0: Swinging Strike
1-1: Ball
2-1: Swinging Strike
2-2: Ball
3-2: SINGLE (Line Drive, 56D)
Batting: LHB Michael Hanson 0-0: Called Strike
0-1: Ball
1-1: Fly out, F9 (Flyball, 89M)
Batting: RHB Troy Johnson 0-0: Ground out 4-3 (Groundball, 13)
Elwood López to second
Batting: RHB Jason McNeil 0-0: Swinging Strike
0-1: SINGLE (Line Drive, 3)
Elwood López to third
Runner from 3rd tries for Home, SAFE, no throw or cutoff
Batting: RHB Will White 0-0: Ball
1-0: Ball
2-0: Ball
3-0: Called Strike
3-1: Base on Balls
Jason McNeil to second
Batting: RHB Curtis West 0-0: Called Strike
0-1: SINGLE (Line Drive, 78S)
Jason McNeil to third
Will White to second
Runner from 3rd tries for Home, SAFE, throw made home
Will White to third
Curtis West to second
Batting: RHB Terry Pittman 0-0: Called Strike
0-1: DOUBLE (Flyball, 9LS)
Will White scores
Curtis West scores
Batting: RHB Armando Bernard 0-0: Ball
1-0: Called Strike
1-1: Ball
2-1: 2-RUN HOME RUN (Flyball, 78XD), Distance : 382 ft
Batting: SHB Terry Christian 0-0: Ball
1-0: Ball
2-0: Ball
3-0: Called Strike
3-1: Base on Balls
Batting: RHB Elwood López 0-0: Ball
Terry Christian steals 2nd base
1-0: Called Strike
1-1: Called Strike
1-2: Strikes out swinging
Top of the 3rd over - 6 run(s), 5 hit(s), 0 error(s), 1 left on base; Indiana 7 - Iowa 0
BOTTOM OF THE 3RD
Iowa Hawkeyes batting - Pitching for Indiana Hoosiers : RHP Lawrence Wilson
Batting: RHB Ed Nygaard 0-0: Called Strike
0-1: Ball
1-1: Ball
2-1: Foul Ball, location: 2F
2-2: Ball
3-2: Foul Ball, location: 2F
3-2: Fly out, F9 (Flyball, 9M)
Batting: SHB Travis Martin 0-0: Called Strike
0-1: Ball
1-1: Foul Ball, location: 2F
1-2: Fly out, F2 (Popup, 2LF)
Batting: RHB Daryl Hale 0-0: Called Strike
0-1: Fly out, F9 (Flyball, 89M)
Bottom of the 3rd over - 0 run(s), 0 hit(s), 0 error(s), 0 left on base; Indiana 7 - Iowa 0
TOP OF THE 4TH
Indiana Hoosiers batting - Pitching for Iowa Hawkeyes : RHP Eduardo Morales
Batting: LHB Michael Hanson 0-0: Ball
1-0: Called Strike
1-1: Called Strike
1-2: Strikes out swinging
Batting: RHB Troy Johnson 0-0: Called Strike
0-1: SINGLE (Line Drive, 56D)
Pitching: RHP Arturo Morales
Batting: RHB Jason McNeil 0-0: SINGLE (Line Drive, 78S)
Troy Johnson to second
Batting: RHB Will White 0-0: Ball
1-0: Foul Ball, location: 2F
1-1: Called Strike
1-2: Strikes out looking
Batting: RHB Curtis West 0-0: Ball
1-0: Swinging Strike
1-1: Ball
Single, Error in OF, E7, batter to second base
Troy Johnson scores
Jason McNeil to third
Batting: RHB Terry Pittman 0-0: Foul Ball, location: 2F
0-1: Ball
1-1: Ball
2-1: Ball
3-1: Foul Ball, location: 2F
3-2: Foul Ball, location: 2F
3-2: Base on Balls
Batting: RHB Armando Bernard 0-0: Ball
1-0: Ground out 6-3 (Groundball, 6)
Top of the 4th over - 1 run(s), 3 hit(s), 1 error(s), 3 left on base; Indiana 8 - Iowa 0
BOTTOM OF THE 4TH
Iowa Hawkeyes batting - Pitching for Indiana Hoosiers : RHP Lawrence Wilson
Batting: RHB Kelsey Scott 0-0: Called Strike
0-1: Ball
1-1: Foul Ball, location: 2F
1-2: Ball
2-2: Ground out 4-3 (Groundball, 4)
Batting: RHB Mike Russell 0-0: Called Strike
0-1: Called Strike
0-2: Strikes out looking
Batting: RHB Alexander Barr 0-0: Foul Ball, location: 2F
0-1: Ball
1-1: Called Strike
1-2: Ball
2-2: Strikes out swinging
Bottom of the 4th over - 0 run(s), 0 hit(s), 0 error(s), 0 left on base; Indiana 8 - Iowa 0
TOP OF THE 5TH
Indiana Hoosiers batting - Pitching for Iowa Hawkeyes : RHP Arturo Morales
Batting: SHB Terry Christian 0-0: Foul Ball, location: 2F
0-1: Swinging Strike
0-2: Foul Ball, location: 2F
0-2: Strikes out swinging
Batting: RHB Elwood López 0-0: Ball
1-0: Ball
2-0: Called Strike
2-1: Foul Ball, location: 2F
2-2: Ball
3-2: Strikes out looking
Batting: LHB Michael Hanson 0-0: Foul Ball, location: 2F
0-1: Foul Ball, location: 2F
0-2: Ball
1-2: Foul Ball, location: 2F
1-2: Strikes out swinging
Top of the 5th over - 0 run(s), 0 hit(s), 0 error(s), 0 left on base; Indiana 8 - Iowa 0
BOTTOM OF THE 5TH
Iowa Hawkeyes batting - Pitching for Indiana Hoosiers : RHP Lawrence Wilson
Batting: RHB Vaughan Shelton 0-0: Foul Ball, location: 2F
0-1: SINGLE (Groundball, 34D)
Batting: RHB Juan Escalante 0-0: Ball
1-0: Grounds into double play, U3-6 (Groundball, 3L)
Batting: RHB John Boyer 0-0: Called Strike
0-1: Foul Ball, location: 2F
0-2: Ball
1-2: Ball
2-2: Ball
3-2: Foul Ball, location: 2F
3-2: Base on Balls
Batting: RHB Ed Nygaard 0-0: Called Strike
0-1: Ball
1-1: SINGLE (Groundball, 4M)
John Boyer to second
Runner from 2nd tries for 3rd, OUT after rundown.
Bottom of the 5th over - 0 run(s), 2 hit(s), 0 error(s), 1 left on base; Indiana 8 - Iowa 0
TOP OF THE 6TH
Indiana Hoosiers batting - Pitching for Iowa Hawkeyes : RHP Arturo Morales
Batting: RHB Troy Johnson 0-0: Ground out 6-3 (Groundball, 6M)
Batting: RHB Jason McNeil 0-0: Foul Ball, location: 2F
0-1: SINGLE (Groundball, 5D)
Batting: RHB Will White 0-0: Called Strike
Jason McNeil steals 2nd base
0-1: Ball
1-1: Swinging Strike
1-2: Strikes out swinging
Batting: RHB Curtis West 0-0: Swinging Strike
0-1: Ball
1-1: Called Strike
1-2: Fly out, F4 (Popup, 3D)
Top of the 6th over - 0 run(s), 1 hit(s), 0 error(s), 1 left on base; Indiana 8 - Iowa 0
BOTTOM OF THE 6TH
Iowa Hawkeyes batting - Pitching for Indiana Hoosiers : RHP Lawrence Wilson
Batting: SHB Travis Martin 0-0: Ball
1-0: Ball
2-0: Ball
3-0: Base on Balls
Pitching: RHP Phil Lewis
Batting: RHB Daryl Hale 0-0: Ball
1-0: Called Strike
1-1: Swinging Strike
1-2: Strikes out swinging
Batting: RHB Kelsey Scott 0-0: Ball
1-0: Ball
2-0: Called Strike
2-1: Ball
3-1: Called Strike
3-2: Base on Balls
Travis Martin to second
Batting: RHB Mike Russell 0-0: Called Strike
Travis Martin steals 3rd base
Kelsey Scott to second
0-1: Called Strike
0-2: Fly out, F9 (Flyball, 9M)
Runner from 3rd tags up, SCORES, no throw
Batting: RHB Alexander Barr 0-0: Foul Ball, location: 2F
0-1: Called Strike
0-2: Ball
1-2: Foul Ball, location: 2F
1-2: Strikes out looking
Bottom of the 6th over - 1 run(s), 0 hit(s), 0 error(s), 1 left on base; Indiana 8 - Iowa 1
TOP OF THE 7TH
Indiana Hoosiers batting - Pitching for Iowa Hawkeyes : RHP Arturo Morales
Pitching: RHP Greg Miller
Batting: RHB Terry Pittman 0-0: Called Strike
0-1: Foul Ball, location: 2F
0-2: Ball
1-2: Ball
2-2: Strikes out looking
Batting: RHB Armando Bernard 0-0: Ball
1-0: Fly out, F8 (Flyball, 8RM)
Batting: SHB Terry Christian 0-0: Called Strike
0-1: SOLO HOME RUN (Flyball, 89XD), Distance : 388 ft
Batting: RHB Elwood López 0-0: Ball
1-0: Called Strike
1-1: Reached on error, E6 (Groundball, 6)
Batting: LHB Michael Hanson 0-0: Foul Ball, location: 2F
0-1: Foul Ball, location: 2F
0-2: Strikes out swinging
Top of the 7th over - 1 run(s), 1 hit(s), 1 error(s), 1 left on base; Indiana 9 - Iowa 1
BOTTOM OF THE 7TH
Iowa Hawkeyes batting - Pitching for Indiana Hoosiers : RHP Phil Lewis
Batting: RHB Vaughan Shelton 0-0: Ball
1-0: SINGLE (Line Drive, 89M)
Batting: RHB Juan Escalante 0-0: Ball
1-0: Ball
2-0: Foul Ball, location: 2F
2-1: Foul Ball, location: 2F
2-2: Fly out, F8 (Line Drive, 8RM)
Batting: RHB John Boyer 0-0: Ball
1-0: Called Strike
1-1: Foul Ball, location: 2F
1-2: Ball
2-2: Ball
3-2: Base on Balls
Vaughan Shelton to second
Batting: RHB Ed Nygaard 0-0: Ball
1-0: SINGLE (Line Drive, 34D)
Vaughan Shelton to third
John Boyer to second
Batting: SHB Travis Martin 0-0: Foul Ball, location: 2F
0-1: Ball
1-1: Fielders Choice at 2nd, 4-6 (Groundball, 34)
Vaughan Shelton scores
John Boyer to third
Batting: RHB Daryl Hale 0-0: Ball
1-0: Ball
2-0: Ground out 6-3 (Groundball, 6)
Bottom of the 7th over - 1 run(s), 2 hit(s), 0 error(s), 2 left on base; Indiana 9 - Iowa 2
TOP OF THE 8TH
Indiana Hoosiers batting - Pitching for Iowa Hawkeyes : RHP Greg Miller
Batting: RHB Troy Johnson 0-0: Fly out, F6 (Popup, 6MD)
Batting: RHB Jason McNeil 0-0: Foul Ball, location: 2F
0-1: Foul Ball, location: 2F
0-2: Foul Ball, location: 2F
0-2: Strikes out looking
Batting: RHB Will White 0-0: Ball
1-0: Ball
2-0: Ball
3-0: Base on Balls
Batting: RHB Curtis West 0-0: Foul Ball, location: 2F
0-1: Ball
1-1: Ball
Single, Error in OF, E7, batter to second base
Will White to third
Batting: RHB Terry Pittman 0-0: Fly out, F9 (Line Drive, 9M)
Top of the 8th over - 0 run(s), 1 hit(s), 1 error(s), 2 left on base; Indiana 9 - Iowa 2
BOTTOM OF THE 8TH
Iowa Hawkeyes batting - Pitching for Indiana Hoosiers : RHP Phil Lewis
Pitching: LHP Juan Vásquez
Batting: RHB Kelsey Scott 0-0: SINGLE (Line Drive, 4MD)
Batting: RHB Mike Russell 0-0: Ball
1-0: Swinging Strike
1-1: Foul Ball, location: 2F
1-2: Strikes out swinging
Batting: RHB Alexander Barr 0-0: Ball
1-0: Swinging Strike
1-1: 2-RUN HOME RUN (Flyball, 7LD), Distance : 313 ft
Batting: RHB Vaughan Shelton 0-0: Ball
1-0: Ball
2-0: Called Strike
2-1: Ground out 1-3 (Groundball, 15S)
Batting: RHB Juan Escalante 0-0: Called Strike
0-1: Swinging Strike
0-2: Ball
1-2: SINGLE (Line Drive, 7LS)
Batting: RHB John Boyer 0-0: Fly out, F8 (Flyball, 8LM)
Bottom of the 8th over - 2 run(s), 3 hit(s), 0 error(s), 1 left on base; Indiana 9 - Iowa 4
TOP OF THE 9TH
Indiana Hoosiers batting - Pitching for Iowa Hawkeyes : RHP Greg Miller
Batting: RHB Armando Bernard 0-0: Ball
1-0: Ball
2-0: Called Strike
2-1: Foul Ball, location: 2F
2-2: Fly out, F9 (Flyball, 89S)
Batting: SHB Terry Christian 0-0: Ball
1-0: Swinging Strike
1-1: Ball
2-1: SOLO HOME RUN (Flyball, 9LD), Distance : 330 ft
Batting: RHB Elwood López 0-0: Swinging Strike
0-1: Fly out, F9 (Flyball, 9M)
Batting: LHB Michael Hanson 0-0: Called Strike
0-1: Ball
1-1: Foul Ball, location: 2F
1-2: SINGLE (Line Drive, 89S)
Batting: RHB Troy Johnson 0-0: DOUBLE (Line Drive, 5D)
Michael Hanson to third
Runner from 3rd tries for Home, SAFE, no throw or cutoff
Batting: RHB Jason McNeil 0-0: Ball
1-0: Ball
2-0: Foul Ball, location: 2F
2-1: Ball
3-1: Foul Ball, location: 2F
3-2: Fly out, F9 (Flyball, 89S)
Top of the 9th over - 2 run(s), 3 hit(s), 0 error(s), 1 left on base; Indiana 11 - Iowa 4
BOTTOM OF THE 9TH
Iowa Hawkeyes batting - Pitching for Indiana Hoosiers : LHP Juan Vásquez
Now in CF: Mark Cornett
Batting: RHB Ed Nygaard 0-0: Ball
1-0: Ball
2-0: Swinging Strike
2-1: Called Strike
2-2: Strikes out swinging
Batting: SHB Travis Martin 0-0: Ball
1-0: Called Strike
1-1: Ball
2-1: Ground out 3-1 (Groundball, 34)
Batting: RHB Daryl Hale 0-0: Foul Ball, location: 2F
0-1: Called Strike
0-2: Foul Ball, location: 2F
0-2: Foul Ball, location: 2F
0-2: SINGLE (Line Drive, 6MD)
Batting: RHB Kelsey Scott 0-0: Ball
1-0: Foul Ball, location: 2F
1-1: Swinging Strike
1-2: SINGLE (Flyball, 56D)
Daryl Hale to second
Batting: RHB Mike Russell 0-0: Ball
1-0: Foul Ball, location: 2F
1-1: Swinging Strike
1-2: Ball
2-2: Foul Ball, location: 2F
2-2: 3-RUN HOME RUN (Flyball, 7D), Distance : 355 ft
Batting: RHB Alexander Barr 0-0: Foul Ball, location: 2F
0-1: SOLO HOME RUN (Flyball, 78XD), Distance : 379 ft
Pitching: RHP Evan Moore
Batting: RHB Vaughan Shelton 0-0: Ground out 6-3 (Groundball, 6)
Bottom of the 9th over - 4 run(s), 4 hit(s), 0 error(s), 0 left on base; Indiana 11 - Iowa 8
Monday, December 5th, 2016 - OOTP Baseball 17.12 Build 75